 Dungeon Crawl Stone Soup version 0.19.0-2-gae57169 (webtiles) character file.

6368 sleepydude the Protected (level 10, -1/94 HPs)
             Began as a Deep Dwarf Fighter on Nov 4, 2016.
             Was a High Priest of Makhleb.
             Slain by a death yak simulacrum (25 damage)
             ... in an ice cave on Nov 5, 2016.
             The game lasted 00:48:57 (9174 turns).

sleepydude the Protected (Deep Dwarf Fighter)       Turns: 9174, Time: 00:48:57

Health: -1/94      AC: 21    Str: 28    XL:     10   Next: 65%
Magic:  9/9        EV: 13    Int:  9    God:    Makhleb [*****.]
Gold:   727        SH: 12    Dex: 12    Spells: 0 memorised, 9 levels left

rFire  + . .     SeeInvis .     j - +2 whip (freeze)
rCold  . . .     Gourm    .     P - +5 scale mail of Ysaikeaf {*Drain rN+ Regen+ Str-3 Int+3}
rNeg   + . .     Faith    .     c - +0 shield
rPois  +         Spirit   .     k - +1 helmet
rElec  .         Reflect  .     o - +0 cloak
rCorr  .         Harm     .     Y - +0 pair of gloves
MR     +....                    m - +2 pair of boots of Gluttony {rPois rF+ Str+4 Int-4}
Stlth  ..........               (no amulet)
                                p - ring of wizardry
                                A - ring of poison resistance

@: mighty, non-regenerating
A: damage resistance, recharge devices, sense surroundings 2, slow regeneration
3
a: Device Recharging, Minor Destruction, Lesser Servant of Makhleb, Major
Destruction, Greater Servant of Makhleb, Renounce Religion


You were in an ice cave.
You worshipped Makhleb.
Makhleb was extremely pleased with you.
You were near starving.

You visited 2 branches of the dungeon, and saw 12 of its levels.
You also visited: Ossuary and Ice Cave.

You collected 727 gold pieces.

Inventory:

Hand Weapons
 a - a +1 flail
 j - a +2 whip of freezing (weapon)
 W - a +0 whip of electrocution
Armour
 b - a +0 plate armour
 c - a +0 shield (worn)
 k - a +1 helmet (worn)
 m - the +2 pair of boots of Gluttony (worn) {rPois rF+ Str+4 Int-4}
   (You acquired it on level 9 of the Dungeon)

   It affects your strength (+4).
   It affects your intelligence (-4).
   It protects you from fire.
   It protects you from poison.
 n - a +0 chain mail
 o - a +0 cloak (worn)
 H - a +2 scale mail of fire resistance
 N - the +4 scale mail of the Old World {rPois Regen+ Str-4}
   (You found it on level 8 of the Dungeon)

   It affects your strength (-4).
   It protects you from poison.
   It increases your rate of regeneration.
 P - the +5 scale mail of Ysaikeaf (worn) {*Drain rN+ Regen+ Str-3 Int+3}
   (You found it on level 8 of the Dungeon)

   It affects your strength (-3).
   It affects your intelligence (+3).
   It protects you from negative energy.
   It increases your rate of regeneration.
   It causes draining when unequipped.
 Y - a +0 pair of gloves (worn)
Jewellery
 p - a ring of wizardry (right hand)
 A - a ring of poison resistance (left hand)
Wands
 e - a wand of heal wounds (0/9)
 y - a wand of digging (13/24)
Scrolls
 g - 7 scrolls of identify {@r1}
 s - 2 scrolls of fog
 t - 3 scrolls of remove curse {@r2}
 u - 7 scrolls of teleportation
 C - 2 scrolls of recharging
 D - 3 scrolls of enchant weapon
 G - 4 scrolls of enchant armour
 J - 2 scrolls of fear
Potions
 h - 3 potions of curing {@q1}
 i - a potion of cancellation {unknown}
 l - a potion of brilliance {unknown}
 w - 2 potions of lignification {unknown}
 z - 2 potions of berserk rage {unknown}
 B - a potion of degeneration {unknown}
 E - 2 potions of invisibility {unknown}
 F - 3 potions of flight {unknown}
 L - a potion of ambrosia {unknown}
 S - a potion of heal wounds {unknown}
 T - a potion of agility {unknown}
Comestibles
 f - 4 bread rations
 q - 3 beef jerkies
 v - 3 slices of pizza
 x - 3 meat rations
 K - a royal jelly


   Skills:
 + Level 7.3 Fighting
 + Level 7.4 Maces & Flails
 + Level 8.7 Armour
 + Level 7.8 Dodging
 + Level 8.7 Shields


You had 9 spell levels left.
You didn't know any spells.

Dungeon Overview and Level Annotations

Branches:
Dungeon (10/15)            Temple (0/1) D:4            Lair (2/6) D:8
  Swamp: Lair:2-4    Shoals: Lair:2-4     Snake: Lair:2-4    Spider: Lair:2-4
    Orc: D:9-12

Altars:
Elyvilon
Makhleb
The Shining One

Shops:
D:4 [   D:9 }

Annotations:
IceCv Savior361's ghost, novice HaBe


Innate Abilities, Weirdness & Mutations

You are resistant to damage.
You can recharge devices by infusing magical energy.
You passively map the area around you.
You do not regenerate.


Message History

You block the death yak simulacrum's attack.
You are near starving!
You closely miss Savior361's ghost.
Savior361's ghost is heavily damaged.
Savior361's ghost closely misses you.
The wolf simulacrum bites you but does no damage.
You hit Savior361's ghost. You freeze Savior361's ghost.
Savior361's ghost is heavily damaged.
The elephant simulacrum tramples you. The elephant simulacrum freezes you!!
You block the elephant simulacrum's attack.
The wolf simulacrum bites you but does no damage.
Savior361's ghost hits you but does no damage.
The death yak simulacrum gores you! The death yak simulacrum freezes you!
You block the wolf simulacrum's attack.
The elephant simulacrum barely misses you.
You block the elephant simulacrum's attack.
Savior361's ghost hits you! The death yak simulacrum gores you!
* * * LOW HITPOINT WARNING * * *
The death yak simulacrum freezes you!!
You die...

, ≈ ...##
,, * ≈ *
#...# , ,
≈≈ ##...
* ≈ #...#
,
*##...##
** ≈
##.....##
** ≈
#...Z...#
≈
#..ZZW..#
,,* *
##..@Z.##
* ≈
##...##
##### ≈ *


You could see Savior361's ghost, a wolf simulacrum, a death yak simulacrum, an
elephant simulacrum and a polar bear simulacrum.

Vanquished Creatures
  The ghost of Spurious the Slicer, a novice VSBe of Trog (D:6)
  The ghost of spe3d0 the Shield-Bearer, a novice VSFi of Okawaru (D:5)
  Grinder (D:6)
  5 yaks
  Sigmund (D:2)
  A wyvern (D:9)
  2 hungry ghosts
  5 sky beasts
  A black bear (D:6)
  2 orc warriors
  2 centaurs (D:5)
  An ogre (D:8)
  3 phantoms
  2 elf zombies (D:4)
  A big kobold (D:7)
  2 bullfrogs
  2 elf skeletons (D:4)
  6 scorpions
  10 killer bees
  4 wights (D:9)
  3 crimson imps
  A quasit (D:9)
  A bullfrog zombie (D:5)
  A centaur zombie (D:6)
  A centaur skeleton (D:8)
  4 hounds
  3 human zombies
  A jelly (D:9)
  5 orc priests
  4 bullfrog skeletons
  Crazy Yiuf (D:3)
  5 orc wizards
  4 iguanas
  Natasha (thrice) (D:3)
  Terence (D:2)
  7 worker ants
  A big kobold zombie (Ossuary)
  3 hound skeletons
  A hound zombie (D:6)
  2 mummies (Ossuary)
  3 gnolls (D:3)
  11 adders
  2 shadow imps
  12 white imps (Lair:2)
  3 oozes
  2 adder zombies
  3 dart slugs
  7 leopard geckos
  20 orcs
  9 bats
  2 giant cockroaches
  7 goblins
  11 hobgoblins
  7 jackals (D:5)
  5 quokkas
  3 ball pythons
  7 frilled lizards
  A goblin zombie (Ossuary)
  13 hobgoblin zombies (Ossuary)
  A jackal skeleton (D:6)
  2 jackal zombies (Ossuary)
  13 kobolds
  8 kobold zombies (Ossuary)
  An orc skeleton (D:4)
  6 orc zombies (Ossuary)
  A quokka skeleton (D:6)
  11 rats
  3 rat zombies (Ossuary)
279 creatures vanquished.

Notes
Turn   | Place    | Note
-------+----------+-------------------------------------------
     0 | D:1      | sleepydude the Deep Dwarf Fighter began the quest for the Orb.
     0 | D:1      | Reached XP level 1. HP: 20/20 MP: 1/1
   199 | D:1      | Reached skill level 1 in Dodging
   214 | D:1      | Reached XP level 2. HP: 27/27 MP: 2/2
   632 | D:1      | Reached XP level 3. HP: 34/34 MP: 3/3
  1353 | D:2      | Noticed Terence
  1375 | D:2      | Killed Terence
  1375 | D:2      | Reached XP level 4. HP: 42/42 MP: 4/4
  1613 | D:2      | Noticed Sigmund
  1630 | D:2      | Killed Sigmund
  1630 | D:2      | Reached XP level 5. HP: 35/49 MP: 5/5
  2223 | D:3      | Found a glowing golden altar of the Shining One.
  2280 | D:3      | Noticed Natasha
  2289 | D:3      | Killed Natasha
  2289 | D:3      | Reached XP level 6. HP: 35/56 MP: 6/6
  2360 | D:3      | Found a runed door.
  2364 | D:3      | Noticed Crazy Yiuf
  2372 | D:3      | Killed Crazy Yiuf
  2436 | D:3      | Found a burning altar of Makhleb.
  2436 | D:3      | Noticed an Executioner
  2439 | D:3      | Noticed a smoke demon
  2439 | D:3      | Noticed a smoke demon
  2445 | D:3      | Became a worshipper of Makhleb the Destroyer
  2605 | D:3      | Noticed Natasha
  2610 | D:3      | Killed Natasha
  2612 | D:3      | Noticed Natasha
  2622 | D:3      | Killed Natasha
  2983 | D:4      | Found a staircase to the Ecumenical Temple.
  3035 | D:4      | Reached skill level 5 in Shields
  3184 | D:4      | Found a sand-covered staircase.
  3220 | D:4      | Reached skill level 5 in Armour
  3220 | D:4      | Reached XP level 7. HP: 34/63 MP: 7/7
  3250 | Ossuary  | Entered an ossuary
  3267 | Ossuary  | Reached * piety under Makhleb
  3621 | Ossuary  | Reached ** piety under Makhleb
  4131 | D:4      | Reached XP level 8. HP: 63/73 MP: 8/8
  4506 | D:4      | Found Roukung's Armour Shop.
  4635 | D:5      | Entered Level 5 of the Dungeon
  4713 | D:5      | Noticed spe3d0's ghost (novice VSFi)
  4763 | D:5      | Killed spe3d0's ghost
  4763 | D:5      | Reached skill level 5 in Maces & Flails
  4763 | D:5      | Reached skill level 5 in Dodging
  4791 | D:4      | Reached skill level 5 in Fighting
  5126 | D:5      | Found a white marble altar of Elyvilon.
  5146 | D:5      | Gained mutation: You passively map the area around you. [Deep Dwarf growth]
  5146 | D:5      | Reached XP level 9. HP: 80/81 MP: 9/9
  5323 | D:5      | Reached *** piety under Makhleb
  5657 | D:6      | Noticed Spurious's ghost (novice VSBe)
  5733 | D:6      | Killed Spurious's ghost
  5814 | D:6      | Noticed Grinder
  5863 | D:6      | Killed Grinder
  6503 | D:7      | Reached **** piety under Makhleb
  6579 | D:7      | Reached XP level 10. HP: 92/92 MP: 10/10
  7238 | D:8      | Got a steaming scale mail
  7249 | D:8      | Identified the +4 scale mail of the Old World {rPois Regen+ Str-4} (You found it on level 8 of the Dungeon)
  7317 | D:8      | Found a staircase to the Lair.
  7337 | D:8      | Got a dazzling scale mail
  7348 | D:8      | Identified the +5 scale mail of Ysaikeaf {*Drain rN+ Regen+ Str-3 Int+3} (You found it on level 8 of the Dungeon)
  8501 | D:9      | Found Becotsa's Gadget Boutique.
  8785 | D:9      | Identified a scroll of acquirement
  8788 | D:9      | Got a pair of distressingly furry boots
  8794 | D:9      | Identified the +2 pair of boots of Gluttony {rPois rF+ Str+4 Int-4} (You acquired it on level 9 of the Dungeon)
  8847 | D:10     | Entered Level 10 of the Dungeon
  9021 | Lair:1   | Entered Level 1 of the Lair of Beasts
  9039 | Lair:1   | You fall through a shaft!
  9124 | Lair:2   | Reached ***** piety under Makhleb
  9136 | Lair:2   | Found a frozen archway.
  9147 | IceCv    | Entered an ice cave
  9147 | IceCv    | Noticed Savior361's ghost (novice HaBe)
  9174 | IceCv    | Slain by a death yak simulacrum

Skill      XL: |  1  2  3  4  5  6  7  8  9 10 |
---------------+-------------------------------+-----
Dodging        | 1 2 3 4 5 7 |  7.8
Fighting       | 3 4 5 6 7 |  7.3
Shields        | 4 5 6 7 8 |  8.7
Armour         | 4 5 6 7 8 |  8.7
Maces & Flails | 3 4 5 6 7 |  7.4

Action                   |  1- 3 |  4- 6 |  7- 9 | 10-12 || total
-------------------------+-------+-------+-------+-------++-------
Melee: Flail             |   132 |   311 |   228 |       ||   671
       Whip              |       |       |   601 |   505 ||  1106
 Abil: Device Recharging |       |       |       |     1 ||     1
Evoke: Wand              |       |     2 |     4 |     6 ||    12
  Use: Potion            |       |     2 |     1 |     2 ||     5
       Scroll            |       |       |    13 |     5 ||    18
  Eat: Chunk             |     2 |     6 |     8 |     5 ||    21
       Royal jelly       |       |       |     1 |       ||     1
       Pizza             |       |       |     1 |       ||     1
       Bread ration      |       |       |       |     2 ||     2
Armor: Scale mail        |    56 |   121 |   173 |   157 ||   507
       Chain mail        |       |       |   113 |       ||   113
Dodge: Dodged            |    39 |   112 |   230 |   194 ||   575
Block: Shield            |    64 |   162 |   377 |   220 ||   823
